 Dungeon Crawl Stone Soup version 0.27.0-1-g7a089689b8 (webtiles) character file.

Game seed: 1619861586238129045

144 lnt the Chopper (level 5, -21/43 HPs)
             Began as a Palentonga Monk on Aug 5, 2021.
             Demolished by an ogre (26 damage)
             ... on level 3 of the Dungeon.
             The game lasted 00:11:39 (3966 turns).

lnt the Chopper (Palentonga Monk)                   Turns: 3966, Time: 00:11:39

Health: -21/43     AC:  9    Str: 14    XL:     5   Next: 5%
Magic:  7/7        EV:  7    Int: 11    God:
Gold:   102        SH:  0    Dex: 13    Spells: 6/6 levels left

rFire    . . .     SeeInvis +   a - +0 hand axe
rCold    . . .     Faith    .   (no shield)
rNeg     . . .     Spirit   .   m - +0 scale mail
rPois    .         Reflect  .   j - +2 helmet
rElec    .         Harm     .   (no cloak)
rCorr    .         Rampage  .   (no gloves)
Will     .....                  (no barding)
Stlth    ..........             (no amulet)
HPRegen  0.14/turn              (no ring)
MPRegen  0.10/turn              (no ring)

@: silenced
A: large, rugged brown scales 3, see invisible, deformed body, roll 1, armoured
tail
a: Rolling Charge


You were on level 3 of the Dungeon.
You visited 1 branch of the dungeon, and saw 4 of its levels.

You collected 102 gold pieces.

Inventory:

Hand Weapons
 a - a +0 hand axe (weapon)
 b - a +0 hunting sling
Missiles
 c - 89 stones (quivered)
 r - 8 sling bullets
Armour
 d - a +0 tower shield
 f - a +0 leather armour
 j - a +2 helmet (worn)
 m - a +0 scale mail (worn)
 q - a +0 robe
Magical Staves
 g - a staff of earth
Jewellery
 p - a ring of willpower
Scrolls
 h - a scroll of fog {unknown}
 k - 3 scrolls of identify {unknown}
 n - a scroll of magic mapping {unknown}
Potions
 i - 2 potions of lignification {unknown}
 l - a potion of cancellation {unknown}
 o - a potion of ambrosia {unknown}


   Skills:
 - Level 3.0 Fighting
 * Level 4.3 Axes
 + Level 1.6 Armour
 - Level 2.4 Dodging
 - Level 1.2 Stealth
 + Level 1.4 Spellcasting
 + Level 1.5 Conjurations


You had 6 spell levels left.
You didn't know any spells.
Your spell library contained the following spells:

 Spells                   Type           Power      Damage    Failure   Level
 Magic Dart               Conj           16%        1d3       56%         1
 Call Imp                 Summ           0%         N/A       89%         2
 Mephitic Cloud           Conj/Pois/Air  1%         N/A       97%         3


Dungeon Overview and Level Annotations

Branches:
Dungeon (4/15)
 Temple: D:4-7

Altars:
Gozag


Innate Abilities, Weirdness & Mutations

You are completely covered in rugged brown scales. (AC +3, +7% HP)
You have supernaturally acute eyesight. (SInv)
Armour fits poorly on your strangely shaped body.
You can roll at nearby foes to attack.
You have a long armoured tail.


Message History

You barely miss the adder.
The adder is heavily wounded.
The adder completely misses you. The adder bites you but does no damage.
You miss the adder.
You tail-slap the adder, but do no damage.
The adder is heavily wounded.
The adder closely misses you.
You hit the adder.
The adder is heavily wounded.
The adder bites you. The adder barely misses you.
You barely miss the adder.
The adder is heavily wounded.
The adder bites you but does no damage.
You closely miss the adder. You tail-slap the adder.
You kill the adder!
You have reached level 5!
You start resting.
HP restored.
You climb downwards.
The ogre hits you with a +0 giant club! The ogre hits you with a +0 giant club.
There is a stone staircase leading up, spattered with blood here.
You climb upwards.
There is a stone staircase leading down here.
Press: ? - help, v - describe, . - travel
Here: an ogre, wielding a +0 giant club The floor.
Unknown command.
Throw: 90 stones
Press: ? - help, Q - select action, (/) - cycle Shift-Dir - straight line You throw a stone.
The ogre hits you with a +0 giant club!
* * * LOW HITPOINT WARNING * * *
Okay, then.
There's nothing you can charge at!
Okay, then.
As you read the scroll labelled TUOTUP PASAQOL, it crumbles to dust.
A profound silence engulfs you.
It was a scroll of silence.
The ogre hits you with a +0 giant club!!
Ouch! That really hurt!
You die...

.......##........# #....# #.#.#
.......<.......#.# #....#####.#.#
.......###.##.##.###............#
.....)...........................
.......###.###.#.###............#
...........# #...# ##########.#..
...........####..## ####.###
...........#.....O##### #.....#
.......###.#....@.....# #.....#
.......# #.#........#.# #.....#
.......# #.#........#.#######.###
######## #.#........#.#..........
###### #.#......###.#.#####.###
###....###.#......# #.#..........
...........#......# #.###........
###....######....## #.###........
....#### #....####............


You could see an ogre.

Vanquished Creatures
  Terence (D:2)
  4 adders
  A worm (D:2)
  2 dart slugs
  5 orcs
  3 bats
  3 endoplasms
  A giant cockroach (D:1)
  6 goblins
  8 hobgoblins
  4 jackals (D:2)
  6 kobolds
  6 quokkas
  8 ball pythons
  4 frilled lizards
  2 rats
64 creatures vanquished.

Vanquished Creatures (others)
  A plant (D:4)
1 creature vanquished.

Grand Total: 65 creatures vanquished

Notes
Turn   | Place    | Note
-------+----------+-------------------------------------------
     0 | D:1      | lnt the Palentonga Monk began the quest for the Orb.
     0 | D:1      | Reached XP level 1. HP: 19/19 MP: 1/1
   401 | D:1      | Reached XP level 2. HP: 25/25 MP: 2/2
   523 | D:1      | Found a faded altar of an unknown god.
  1214 | D:2      | Reached skill level 1 in Armour
  1301 | D:2      | Reached XP level 3. HP: 26/31 MP: 3/3
  1376 | D:2      | Found an opulent altar of Gozag.
  1413 | D:2      | Noticed Terence
  1975 | D:2      | Reached skill level 1 in Conjurations
  2024 | D:2      | Reached skill level 1 in Spellcasting
  2266 | D:2      | Killed Terence
  2267 | D:2      | Reached skill level 4 in Axes
  2267 | D:2      | Reached XP level 4. HP: 30/37 MP: 5/5
  3750 | D:4      | Noticed an ogre
  3784 | D:3      | Reached XP level 5. HP: 18/43 MP: 7/7
  3966 | D:3      | Demolished by an ogre

Illustrated notes

Levels and vault maps discovered:
D:1:      ncdulo_halloftheorcs, layout_loops_cross,
          shapermc_ecumenical_altar_hornbeckon, roderic_serpentine_path,
          minmay_misc_feat_alley
D:2:      layout_basic, basic_altar, hangedman_abyss_or_decor_lesser_grid,
          chequers_serial_rivers_micro_d, hangedman_decor_riveting, uniq_terence
D:3:      layout_basic, serial_park_tiny_pond
D:4:      layout_rooms, serial_bayou_pond_b, hangedman_abyss_or_decor_passed

Skill      XL: |  1  2  3 |
---------------+----------+-----
Armour         | 1 |  1.6
Conjurations   | 1 |  1.5
Spellcasting   | 1 |  1.4
Axes           | 4 |  4.3
Fighting       | |  3.0
Dodging        | |  2.4
Stealth        | |  1.2

Action                   |  1- 3 |  4- 6 || total
-------------------------+-------+-------++-------
Melee: Hand axe          |   135 |    74 ||   209
       Tailslap          |    14 |    10 ||    24
Throw: Stone             |    18 |    33 ||    51
 Abil: Rolling Charge    |     1 |       ||     1
  Use: Scroll            |       |     1 ||     1
 Stab: Sleeping          |     3 |       ||     3
Armor: Robe              |    10 |       ||    10
       Leather armour    |    34 |       ||    34
       Scale mail        |       |    39 ||    39
Dodge: Dodged            |    75 |    21 ||    96
